Map: Emerald City LE

Players

Tethys - Winner!

  • Race: Zerg Zerg
  • League: Diamond
  • Spawn Location: 5:00

Comic - Winner!

  • Race: Protoss Protoss
  • League: Gold
  • Spawn Location: 5:00

Throwfordays

  • Race: Protoss Protoss
  • League: Silver
  • Spawn Location: 11:00

Faust

  • Race: Zerg Zerg
  • League: Diamond
  • Spawn Location: 11:00

VOD

Have the link to the VOD?

Description

Time

  • Played on: April 1, 2019, 10:58 p.m.
  • Length: 14:23
Show
View Real Time Build Order
Export as new Build Order

Tethys Zerg - Winner!

Build Orders: Hatch First 

Get SALT Encoding   

  12  0:01  Drone  
  13  0:13  Overlord  
  13  0:18  Drone  
  14  0:31  Drone x2  
  14  0:35  Drone  
  17  0:55  Drone  
  18  0:57  Hatchery  
  17  1:04  Extractor  
  17  1:05  Drone  
  17  1:15  Spawning Pool  
  17  1:17  Drone  
  17  1:21  Drone  
  18  1:29  Drone  
  19  1:40  Drone  
  20  1:51  Overlord  
  20  2:02  Drone  
  20  2:06  Metabolic Boost  
  21  2:08  Queen  
  21  2:09  Queen  
  21  2:13  Drone x2  
  27  2:21  Zergling x2  
  28  2:23  Drone  
  29  2:30  Drone  
  29  2:33  Drone  
  31  2:55  Baneling Nest  
  30  3:00  Hatchery, Drone x4  
  30  3:05  Zergling x2  
  34  3:11  Overlord  
  34  3:16  Zergling x2  
  34  3:18  Zergling x2  
  36  3:23  Overlord  
  36  3:29  Zergling x8  
  36  3:30  Zergling x2  
  41  3:39  Baneling x2  
  41  3:47  Drone x3  
  44  3:48  Drone  
  44  3:50  Drone  
  44  3:53  Lair  
  44  3:54  Drone x2  
  44  3:55  Spore Crawler  
  47  3:57  Drone  
  47  4:02  Drone  
  49  4:03  Evolution Chamber  
  49  4:04  Drone  
  49  4:12  Overlord x2  
  49  4:15  Baneling  
  42  4:34  Drone x5  
  42  4:35  Drone x5  
  51  4:39  Zerg Ground Armor Level 1  
  51  4:49  Spine Crawler  
  51  4:50  Extractor  
  51  4:51  Spore Crawler  
  51  4:52  Extractor, Drone x3  
  50  4:53  Drone  
  51  5:01  Zergling x4, Spine Crawler  
  51  5:06  Spore Crawler  
  51  5:08  Drone x3  
  51  5:09  Drone x2  
  56  5:16  Hydralisk Den  
  56  5:17  Drone x3  
  56  5:18  Extractor  
  56  5:21  Drone x3  
  60  5:32  Drone x3  
  63  5:38  Drone x3  
  63  5:39  Drone x2  
  68  5:44  Centrifical Hooks  
  68  5:51  Grooved Spines  
  68  5:53  Drone  
  68  5:54  Drone x2  
  68  5:55  Drone  
  72  5:57  Drone  
  72  5:58  Extractor x2, Queen  
  72  6:01  Overlord x4  
  73  6:13  Spine Crawler  
  73  6:14  Overlord x2  
  72  6:31  Spore Crawler x2  
  70  6:37  Queen, Spore Crawler  
  70  6:39  Spore Crawler  
  70  6:45  Hydralisk x5  
  70  6:46  Spore Crawler, Hydralisk x5  
  89  6:47  Spore Crawler  
  89  6:48  Hydralisk  
  89  6:54  Zerg Missile Weapons Level 1  
  87  7:02  Queen  
  87  7:03  Muscular Augments  
  87  7:08  Spore Crawler  
  88  7:09  Drone x3  
  88  7:10  Drone x2  
  88  7:11  Drone  
  94  7:32  Drone x6  
  94  7:33  Hydralisk x4  
  94  7:34  Hydralisk  
  110  7:37  Hydralisk  
  110  7:43  Overseer  
  112  7:58  Hatchery  
  111  7:59  Drone x2  
  111  8:00  Drone  
  114  8:08  Roach Warren  
  114  8:11  Evolution Chamber  
  112  8:14  Spore Crawler  
  111  8:23  Overlord x4  
  111  8:24  Overlord x2  
  111  8:30  Spore Crawler  
  110  8:47  Overlord x3  
  110  8:51  Zerg Ground Armor Level 2, Zerg Missile Weapons Level 2  
  110  8:53  Glial Reconstitution  
  110  8:54  Hydralisk  
  110  8:55  Hydralisk x6  
  121  9:13  Extractor  
  118  9:23  Extractor  
  117  9:24  Drone  
  117  9:25  Extractor, Drone x3  
  117  9:26  Drone x2  
  117  9:30  Spore Crawler  
  121  9:31  Spore Crawler  
  121  9:34  Overseer  
  120  10:03  Hydralisk x11  
  120  10:04  Hydralisk x10  
  160  10:24  Roach x8  
  160  10:25  Roach  
  160  10:27  Overlord  
  178  10:30  Overlord  
  178  10:33  Overlord  
  178  10:48  Spore Crawler  
  178  10:49  Spore Crawler  
  176  10:52  Spore Crawler  
  175  10:59  Infestation Pit  
  175  11:02  Hydralisk  
  175  11:03  Hydralisk x2  
  175  11:04  Roach x6  
  150  12:09  Hydralisk x6  
  150  12:10  Hydralisk x16  
  150  12:13  Hydralisk  
  196  12:34  Hive  
  196  12:36  Roach  
  162  13:21  Hydralisk x8  
  162  13:22  Hydralisk x2  
  170  13:41  Hydralisk x7  
  164  13:42  Hydralisk x2  
Show
View Real Time Build Order
Export as new Build Order

Comic Protoss - Winner!

Build Orders: 1 Gate Expand, Oracle Opening, Zealot Archon 

Get SALT Encoding   

  12  0:01  Probe  
  13  0:13  Probe  
  14  0:20  Pylon  
  14  0:25  Probe  
  15  0:38  Probe  
  15  0:40  Gateway  
  16  0:50  Probe  
  17  1:00  Probe  
  18  1:08  Probe  
  19  1:20  Nexus  
  19  1:24  Assimilator  
  19  1:39  Probe  
  20  1:41  Cybernetics Core  
  20  1:51  Probe  
  21  1:55  Assimilator  
  21  2:03  Pylon, Probe  
  22  2:16  Probe  
  22  2:19  Warp Gate  
  23  2:26  Stalker  
  23  2:28  Gateway  
  25  2:33  Probe  
  25  2:34  Probe  
  27  2:45  Pylon, Probe  
  27  2:46  Probe  
  29  2:54  Stargate  
  29  2:58  Probe  
  29  3:00  Probe  
  31  3:07  Probe  
  31  3:09  Probe  
  33  3:15  Probe  
  33  3:17  Probe  
  34  3:25  Probe  
  35  3:27  Gateway  
  35  3:28  Pylon, Probe  
  35  3:30  Oracle  
  37  3:37  Probe  
  41  3:43  Twilight Council  
  41  3:44  Probe  
  41  3:46  Probe  
  42  3:52  Probe  
  42  3:54  Probe  
  43  3:55  Assimilator  
  43  4:00  Assimilator  
  45  4:03  Probe  
  45  4:05  Probe  
  45  4:08  Zealot  
  45  4:09  Zealot  
  51  4:20  Templar Archives  
  51  4:31  Probe x2  
  53  5:03  Probe x2  
  55  5:12  Zealot x2  
  55  5:13  Zealot  
  61  5:15  Forge  
  61  5:17  Fleet Beacon  
  61  5:19  Gateway  
  61  5:20  Gateway  
  61  5:26  Probe  
  62  5:28  Gateway  
  62  5:30  Protoss Ground Weapons Level 1, Pylon  
  62  5:31  Psionic Storm  
  62  5:39  Nexus  
  62  5:41  Pylon x2  
  62  5:43  Pylon  
  62  5:48  Probe  
  63  6:07  Forge  
  63  6:08  High Templar  
  63  6:09  High Templar x2  
  70  6:11  Probe x2  
  71  6:18  Assimilator  
  71  6:21  High Templar x2  
  71  6:23  Probe  
  71  6:24  Assimilator, Archon  
  71  6:25  Archon  
  76  6:29  High Templar  
  78  6:34  Archon  
  78  6:38  Probe  
  78  6:39  Probe  
  80  6:51  Probe  
  80  6:53  Zealot  
  80  6:54  Zealot  
  85  6:55  High Templar x2  
  85  6:56  Zealot  
  85  6:59  Archon  
  85  7:00  Probe  
  85  7:01  Probe  
  91  7:04  Probe  
  94  7:12  Probe x2  
  94  7:16  Probe  
  94  7:18  High Templar x2  
  94  7:19  Shield Battery, Zealot x2  
  94  7:20  Photon Cannon  
  105  7:25  Gateway  
  105  7:27  Gateway  
  105  7:34  Gateway  
  103  7:45  Gateway  
  103  7:47  Probe x2  
  105  7:53  Probe  
  105  7:55  Stalker  
  108  7:59  Probe  
  108  8:05  Pylon  
  109  8:08  Pylon  
  109  8:11  Nexus  
  109  8:15  Pylon  
  109  8:21  Gateway  
  109  8:23  Probe x3  
  112  8:30  Stalker x3  
  112  8:31  Stalker x3  
  124  8:35  Probe x3  
  127  8:41  Pylon  
  127  8:44  Gateway  
  127  8:47  Probe  
  127  8:48  Probe x2  
  130  8:51  Gateway  
  130  9:09  Robotics Facility x2  
  130  9:12  Archon  
  130  9:31  Assimilator, Zealot x2  
  130  9:32  Zealot x4  
  130  9:33  Zealot x4  
  130  9:35  Assimilator  
  150  9:50  Stalker x2  
  150  9:51  Stalker  
  150  9:52  Stalker x2  
  149  9:53  Stalker x2  
  149  9:54  Stalker x3  
  124  10:17  High Templar x5  
  124  10:18  High Templar x5  
  130  10:25  Archon x5  
  130  10:36  Probe x2  
  130  10:37  Probe x2  
  118  11:27  High Templar x3  
  118  11:28  Zealot  
  118  11:29  Zealot  
  118  11:30  Zealot x3  
  127  11:33  Archon  
  125  11:45  High Templar x2  
  125  11:46  High Templar  
  131  11:49  Probe  
  131  11:50  Probe x3  
  135  12:01  Probe  
  135  12:06  Probe  
  135  12:07  Probe x2  
  139  12:13  Probe  
  140  12:23  Pylon  
  140  12:26  Pylon  
  140  12:29  Pylon  
  140  12:31  Pylon  
  140  12:33  Gateway  
  140  12:41  Probe  
  139  13:33  Warp Prism  
  139  13:35  Immortal  
  139  13:49  Stalker x3  
  139  13:50  Stalker x6  
  139  13:51  Stalker x3  
  139  13:52  Stalker  
Show
View Real Time Build Order
Export as new Build Order

Throwfordays Protoss 

Build Orders: 1 Gate Expand 

Get SALT Encoding   

  12  0:00  Probe  
  13  0:12  Probe  
  14  0:22  Pylon  
  14  0:25  Probe  
  15  0:43  Gateway, Probe  
  16  0:55  Probe  
  17  1:13  Nexus  
  17  1:17  Probe  
  18  1:29  Assimilator, Probe  
  19  1:39  Forge  
  19  1:41  Probe  
  20  1:56  Cybernetics Core  
  20  2:13  Photon Cannon  
  20  2:16  Photon Cannon  
  20  2:21  Probe  
  20  2:22  Photon Cannon  
  20  2:29  Probe  
  21  2:31  Pylon  
  22  2:39  Probe  
  23  2:49  Probe  
  24  2:51  Probe  
  25  3:01  Probe  
  25  3:04  Probe  
  27  3:07  Warp Gate  
  27  3:13  Probe  
  27  3:16  Photon Cannon, Probe  
  29  3:23  Photon Cannon  
  29  3:25  Probe  
  30  3:28  Probe  
  30  3:30  Pylon  
  30  3:33  Pylon  
  31  3:37  Pylon, Probe  
  31  3:40  Pylon  
  32  3:49  Probe  
  32  3:51  Photon Cannon  
  32  3:55  Photon Cannon  
  33  3:58  Assimilator  
  33  4:02  Probe  
  34  4:10  Assimilator  
  34  4:13  Photon Cannon  
  34  4:14  Probe  
  35  4:22  Photon Cannon  
  35  4:26  Probe  
  36  4:32  Pylon  
  36  4:38  Probe  
  32  4:50  Photon Cannon, Probe  
  31  5:03  Probe  
  32  5:11  Photon Cannon  
  32  5:13  Photon Cannon  
  32  5:15  Probe  
  32  5:16  Photon Cannon  
  32  5:21  Probe  
  34  5:23  Assimilator  
  34  5:27  Probe  
  35  5:39  Probe  
  36  5:43  Stargate  
  36  5:45  Stargate  
  36  5:48  Stargate  
  36  5:51  Probe  
  36  5:56  Probe  
  38  6:03  Probe  
  39  6:09  Probe  
  40  6:13  Protoss Air Weapons Level 1  
  40  6:15  Probe  
  41  6:21  Probe  
  42  6:36  Void Ray x2  
  50  6:45  Nexus, Void Ray  
  54  6:49  Assimilator  
  54  6:51  Assimilator  
  54  6:54  Pylon  
  54  6:57  Pylon  
  54  6:58  Protoss Shields Level 1  
  54  7:05  Cybernetics Core  
  54  7:07  Pylon, Probe  
  54  7:09  Pylon  
  54  7:12  Pylon  
  54  7:15  Pylon, Probe  
  55  7:20  Photon Cannon  
  56  7:24  Photon Cannon, Probe  
  57  7:32  Photon Cannon  
  57  7:38  Void Ray  
  61  7:49  Protoss Air Armor Level 1  
  61  7:51  Void Ray  
  65  7:54  Probe  
  66  8:02  Probe  
  66  8:04  Probe  
  67  8:11  Probe  
  68  8:16  Probe  
  70  8:23  Void Ray, Probe  
  70  8:24  Void Ray  
  79  8:28  Probe  
  79  8:33  Probe  
  81  8:36  Probe  
  81  8:40  Probe  
  83  8:43  Twilight Council  
  83  8:45  Probe  
  83  8:46  Fleet Beacon  
  84  8:52  Probe  
  84  8:54  Stargate  
  85  8:58  Probe  
  86  9:08  Probe  
  86  9:16  Probe  
  88  9:25  Probe  
  88  9:26  Nexus  
  88  9:30  Pylon  
  89  9:33  Pylon  
  89  9:36  Assimilator  
  89  9:39  Assimilator  
  89  9:40  Void Ray x4  
  100  10:09  Protoss Shields Level 2  
  100  10:20  Nexus  
  99  10:28  Protoss Air Weapons Level 2  
  99  10:39  Probe  
  100  10:51  Tempest x3  
  88  11:39  Probe  
  61  11:47  Carrier  
  61  11:48  Carrier  
  61  11:51  Probe  
  69  12:03  Probe  
  69  12:04  Carrier  
  70  12:42  Carrier  
Show
View Real Time Build Order
Export as new Build Order

Faust Zerg 

Build Orders: Hatch First 

Get SALT Encoding   

  12  0:00  Drone  
  13  0:09  Drone  
  14  0:14  Extractor  
  14  0:16  Drone  
  15  0:22  Overlord  
  15  0:43  Drone x2  
  17  0:55  Hatchery  
  16  0:58  Drone  
  17  1:07  Extractor  
  17  1:08  Drone  
  17  1:13  Drone  
  18  1:22  Spawning Pool  
  17  1:26  Drone  
  17  1:28  Drone  
  19  1:39  Overlord  
  19  1:49  Drone  
  20  1:59  Drone  
  21  2:08  Drone  
  22  2:10  Metabolic Boost  
  22  2:11  Queen  
  22  2:13  Queen  
  26  2:18  Drone  
  26  2:20  Drone  
  28  2:24  Drone  
  29  2:30  Baneling Nest  
  29  2:32  Drone  
  29  2:38  Overlord  
  29  2:40  Drone  
  30  2:47  Drone  
  31  2:53  Drone  
  31  2:55  Overlord  
  32  3:14  Overlord  
  32  3:15  Drone x2  
  34  3:25  Lair  
  34  3:27  Drone  
  34  3:28  Extractor, Hatchery, Drone  
  34  3:30  Drone  
  34  3:32  Drone  
  36  3:35  Drone  
  36  3:37  Drone  
  36  3:40  Drone  
  39  3:42  Drone  
  39  3:44  Extractor  
  39  3:45  Extractor, Drone  
  39  3:49  Drone  
  40  3:58  Drone x4  
  40  3:59  Drone  
  45  4:04  Overlord  
  45  4:06  Drone x2  
  47  4:10  Zergling x2  
  48  4:21  Zergling x4  
  48  4:22  Zergling x2  
  51  4:27  Zergling x4  
  51  4:30  Spire  
  52  4:35  Baneling x2  
  52  4:42  Spore Crawler  
  52  4:43  Spore Crawler  
  50  4:56  Drone  
  50  5:11  Hatchery  
  50  5:12  Baneling x2  
  50  5:14  Drone x2  
  51  5:26  Overseer  
  51  5:33  Overlord  
  51  5:34  Overlord  
  51  5:42  Mutalisk  
  51  5:43  Mutalisk x6  
  51  5:46  Drone  
  51  5:47  Drone x2  
  51  5:48  Overlord x4  
  68  6:08  Mutalisk x2  
  68  6:09  Mutalisk  
  74  6:13  Extractor  
  73  6:32  Drone  
  74  6:33  Drone x8  
  76  6:57  Mutalisk  
  76  6:58  Mutalisk x4  
  83  7:13  Drone x3  
  86  7:35  Mutalisk x3  
  92  7:38  Drone x3  
  92  7:41  Extractor  
  91  7:49  Drone x2  
  91  7:50  Drone  
  94  7:54  Overlord x5  
  94  8:16  Drone  
  94  8:17  Drone x5  
  94  8:18  Drone  
  101  8:26  Zerg Flyer Weapons Level 1  
  101  8:39  Infestation Pit  
  100  8:42  Evolution Chamber x2  
  100  8:46  Overlord x2  
  100  8:47  Mutalisk x5, Overlord  
  106  9:23  Mutalisk  
  106  9:24  Mutalisk x8  
  112  10:00  Zergling x2  
  112  10:01  Zergling x22  
  122  10:16  Mutalisk x4  
  130  10:35  Extractor  
  129  10:36  Hatchery  
  129  10:39  Extractor  
  129  10:41  Zerg Melee Weapons Level 1, Zerg Ground Armor Level 1  
  127  10:43  Hive  
  127  10:47  Drone x3  
  127  10:48  Drone x3  
  133  11:01  Zergling x8  
  137  11:04  Queen  
  133  11:22  Baneling x12  
  133  11:23  Baneling x9  
  111  12:08  Zergling x16  
  78  12:09  Zergling x18  
  94  12:17  Zergling x16  
  102  12:26  Greater Spire  
  102  12:27  Ultralisk Cavern  
  101  12:30  Baneling x7  
  101  12:31  Baneling x9  
  101  12:33  Centrifical Hooks  
  101  12:37  Corruptor  
  101  12:38  Corruptor x4  
  113  12:46  Baneling  
  113  12:47  Baneling x12  
  51  13:28  Ultralisk  
  51  13:30  Zergling x2  
  51  13:31  Zergling x12  
  75  13:47  Brood Lord  
Tags
 
Add a new tag
Caveats
  • Supply blocks, unpowered buildings, or Contaminate may cause inaccurate times.
  • Supply counts are checked every 10 seconds.